 Dungeon Crawl Stone Soup version 0.23.0-3-gf3c87f2 (webtiles) character file.

Game seed: 5631922486803826392

5117 Lavandula the Grappler (level 10, 51/96 HPs)
             Began as a Troll Wanderer on Feb 23, 2019.
             Quit the game on level 9 of the Dungeon.
             The game lasted 00:13:02 (5453 turns).

Lavandula the Grappler (Troll Wanderer)             Turns: 5453, Time: 00:13:03

Health: 51/96      AC:  6    Str: 29    XL:     10   Next: 32%
Magic:  10/10      EV: 10    Int:  9    God:
Gold:   384        SH:  0    Dex:  8    Spells: 9/9 levels left

rFire    . . .     SeeInvis .     - Unarmed
rCold    . . .     Gourm    +   (no shield)
rNeg     . . .     Faith    .   F - +0 robe (curse)
rPois    .         Spirit   .   (helmet restricted)
rElec    .         Reflect  .   (no cloak)
rCorr    .         Harm     .   (gloves unavailable)
MR       .....                  (boots unavailable)
Stlth    +.........             (no amulet)
HPRegen  0.66/turn              v - +4 ring of strength
MPRegen  0.12/turn              (no ring)

@: no status effects
A: large, unfitting armour, claws 3, fast metabolism 3, gourmand, regeneration
1, shaggy fur 1, tough skin 3
a: no special abilities


You were on level 9 of the Dungeon.
You were full.

You visited 1 branch of the dungeon, and saw 9 of its levels.

You collected 384 gold pieces.

Inventory:

Missiles
 r - 19 bolts
 x - 3 javelins (quivered)
Armour
 e - a +0 robe
 o - a +0 shield
 F - a cursed +0 robe (worn)
Jewellery
 v - a +4 ring of strength (left claw)
 D - an uncursed ring of protection from magic {unknown}
Wands
 b - a wand of flame (44)
 n - a wand of polymorph (9)
Scrolls
 a - 3 scrolls of enchant armour {unknown}
 c - 4 scrolls of teleportation
 g - 4 scrolls of noise {unknown}
 i - 9 scrolls of identify {unknown}
 k - 2 scrolls of amnesia {unknown}
 p - 2 scrolls of random uselessness {unknown}
 q - 4 scrolls of remove curse {unknown}
 t - 3 scrolls of enchant weapon {unknown}
 y - a scroll of immolation {unknown}
 B - a scroll of summoning {unknown}
 C - a scroll of fear {unknown}
 E - a scroll of fog {unknown}
Potions
 d - a potion of lignification
 h - 5 potions of curing {unknown}
 j - a potion of berserk rage {unknown}
 l - 2 potions of degeneration {unknown}
 m - a potion of ambrosia {unknown}
 s - a potion of brilliance {unknown}
 u - 3 potions of might {unknown}
 w - a potion of flight {unknown}
 z - a potion of resistance {unknown}
 A - a potion of agility {unknown}
Comestibles
 f - 16 rations
 G - 4 chunks of flesh


   Skills:
 - Level 5.0 Fighting
   Level 1.7 Maces & Flails
   Level 2.0 Crossbows
 - Level 5.0 Throwing
 - Level 3.1 Dodging
 + Level 4.2 Shields
 - Level 11.1 Unarmed Combat
 - Level 1.3 Evocations


You had 9 spell levels left.
You didn't know any spells.
Your spell library was empty.

Dungeon Overview and Level Annotations

Branches:
Dungeon (9/15)             Temple (0/1) D:6
   Lair: D:8-11         Orc: D:9-12

Altars:
Cheibriados
Dithmenos
Gozag
Kikubaaqudgha
Makhleb
Nemelex Xobeh
Okawaru
Qazlal
Sif Muna
Uskayaw
Wu Jian

Annotations:
D:5 exclusion: door


Innate Abilities, Weirdness & Mutations

You are too large for most types of armour.
You have claws for hands.
Your metabolism is lightning-fast.
You like to eat raw meat.
Your natural rate of healing is unusually fast.
You are covered in fur. (AC +1)
You have extremely tough skin. (AC +3)


Message History

You see here a glowing robe.
F - a glowing robe Wear which item? (? for menu, Esc to quit)
You start removing your armour.
You continue taking off your +0 robe. x4
You finish taking off your +0 robe.
You start putting on your armour.
You continue putting on your glowing robe. x5
You finish putting on your cursed +0 robe.
Oops, that feels deathly cold.
Unknown command.
Things that are here:
a black bear corpse; a howler monkey corpse Butcher a black bear corpse? [(y)es/(n)o/(a)ll/(q)uit/?]
You butcher the black bear corpse.
You butcher the howler monkey corpse.
G - a chunk of flesh;
G - 4 chunks of flesh (gained 3)
Things that are here:
a black bear skeleton; a howler monkey skeleton Unknown command.
Are you sure you want to abandon this character and quit the game? (Confirm with "yes".)

........#. ..... .$.
.... ...#.. .##... ...
....... ...... #.#
.......
#..#.##.####...#...
#........#...#.....
#......#.........#
#.<..††.....$##
##..@†.........
..#######..........##
!........÷.........##.
#####........>.......
#######................
#....[..##..........#.
#.######...#..>..#.##
#...####...##.# ..###
#####


There were no monsters in sight!

Vanquished Creatures
  Pikel (D:5)
  Grinder (D:5)
  2 dream sheep (D:8)
  A hippogriff (D:9)
  5 yaks
  A hungry ghost (D:9)
  Menkaure (D:7)
  Duvessa (D:5)
  2 orc warriors (D:7)
  2 black bears
  3 slaves (D:5)
  A phantom (D:5)
  A necrophage (D:7)
  3 sky beasts
  3 ogres
  An ice beast (D:5)
  A boggart (D:8)
  A centaur (D:5)
  3 big kobolds (D:8)
  2 bullfrogs (D:9)
  2 scorpions
  4 howler monkeys
  3 crimson imps
  A centaur zombie (D:7)
  A hound (D:9)
  A jelly (D:6)
  A bullfrog skeleton (D:5)
  3 orc priests
  7 orc wizards
  2 centaur skeletons
  An iguana (D:6)
  3 worker ants
  Ijyb (D:5)
  2 hound zombies
  3 hound skeletons
  A worker ant zombie (D:5)
  8 adders
  3 shadow imps
  3 oozes
  An adder zombie (D:8)
  An adder skeleton (D:7)
  2 dart slugs (D:1)
  4 leopard geckos
  37 orcs
  5 giant cockroaches
  7 goblins
  7 hobgoblins
  3 jackals (D:8)
  7 quokkas
  A ball python skeleton (D:4)
  9 bats
  5 frilled lizards
  7 kobolds
  A quokka zombie (D:7)
  12 rats
195 creatures vanquished.

Vanquished Creatures (others)
  4 toadstools (D:1)
4 creatures vanquished.

Grand Total: 199 creatures vanquished

Notes
Turn   | Place    | Note
-------+----------+-------------------------------------------
     0 | D:1      | Lavandula the Troll Wanderer began the quest for the Orb.
     0 | D:1      | Lavandula set off with the following items: a +2 hand
                  | crossbow, 26 bolts, a scroll of teleportation, a potion of
                  | lignification, a +0 robe, 2 rations
     0 | D:1      | Reached XP level 1. HP: 19/19 MP: 1/1
    85 | D:1      | Reached skill level 1 in Unarmed Combat
   119 | D:1      | Reached XP level 2. HP: 27/27 MP: 2/2
   226 | D:1      | Reached skill level 2 in Unarmed Combat
   743 | D:2      | Reached XP level 3. HP: 33/33 MP: 3/3
   840 | D:2      | Reached skill level 3 in Unarmed Combat
   842 | D:2      | Found a stormy altar of Qazlal.
  1043 | D:2      | Reached XP level 4. HP: 41/41 MP: 4/4
  1193 | D:2      | Found an ancient bone altar of Kikubaaqudgha.
  1369 | D:3      | Reached skill level 4 in Unarmed Combat
  1458 | D:3      | Reached XP level 5. HP: 35/48 MP: 5/5
  1577 | D:3      | Reached skill level 5 in Unarmed Combat
  1734 | D:3      | Found a burning altar of Makhleb.
  1734 | D:3      | Noticed a balrug
  1737 | D:3      | Noticed a ynoxinul
  1737 | D:3      | Noticed an orange demon
  1947 | D:4      | Found an ornate altar of the Wu Jian Council.
  2034 | D:4      | Noticed an ogre
  2039 | D:4      | Killed an ogre
  2039 | D:4      | Reached skill level 6 in Unarmed Combat
  2039 | D:4      | Reached XP level 6. HP: 55/55 MP: 6/6
  2086 | D:4      | Found a shadowy altar of Dithmenos.
  2086 | D:4      | Found an opulent altar of Gozag.
  2214 | D:4      | Found a sparkling altar of Nemelex Xobeh.
  2331 | D:5      | Entered Level 5 of the Dungeon
  2342 | D:5      | Noticed Duvessa
  2343 | D:5      | Noticed Dowan
  2348 | D:5      | Noticed an ice beast
  2406 | D:5      | Noticed Ijyb
  2426 | D:5      | Killed Ijyb
  2426 | D:5      | Reached skill level 7 in Unarmed Combat
  2438 | D:5      | Noticed Dowan
  2438 | D:5      | Dowan changed into Dowan the centaur
  2449 | D:5      | Killed Duvessa
  2449 | D:5      | Reached XP level 7. HP: 59/62 MP: 7/7
  2450 | D:5      | Killed Dowan the centaur
  2464 | D:5      | Reached skill level 8 in Unarmed Combat
  2492 | D:5      | Noticed Grinder
  2520 | D:5      | Paralysed by Grinder for 5 turns
  2543 | D:5      | Killed Grinder
  2543 | D:5      | Reached skill level 9 in Unarmed Combat
  2543 | D:5      | Reached XP level 8. HP: 52/70 MP: 8/8
  2614 | D:5      | Found a snail-covered altar of Cheibriados.
  2724 | D:5      | Noticed Pikel
  2752 | D:5      | Killed Pikel
  2763 | D:5      | Found a deep blue altar of Sif Muna.
  2881 | D:5      | Reached skill level 5 in Fighting
  3013 | D:6      | Found a staircase to the Ecumenical Temple.
  3512 | D:6      | Reached skill level 1 in Throwing
  3560 | D:6      | Reached XP level 9. HP: 78/88 MP: 9/9
  4297 | D:7      | Noticed Menkaure
  4303 | D:7      | Killed Menkaure
  4303 | D:7      | Reached skill level 5 in Throwing
  4609 | D:8      | Noticed Psyche
  4611 | D:8      | Noticed Psyche
  4611 | D:8      | Psyche changed into Psyche the boggart
  4615 | D:8      | Killed Psyche the boggart
  4764 | D:8      | Reached skill level 10 in Unarmed Combat
  4924 | D:8      | Found a hide-covered altar of Uskayaw.
  4925 | D:8      | Found an iron altar of Okawaru.
  5088 | D:8      | Reached skill level 11 in Unarmed Combat
  5088 | D:8      | Reached XP level 10. HP: 63/96 MP: 10/10
  5232 | D:8      | Noticed a three-headed hydra
  5237 | D:8      | Reached skill level 1 in Shields
  5453 | D:9      | Quit the game

Skill      XL: |  1  2  3  4  5  6  7  8  9 10 |
---------------+-------------------------------+-----
Unarmed Combat | 1 2 3 4 6 7 9 11 | 11.1
Fighting       | 5 |  5.0
Dodging        | 3 |  3.1
Throwing       | 1 5 |  5.0
Shields        | 4 |  4.2
Maces & Flails | |  1.7
Crossbows      | |  2.0
Evocations     | |  1.3

Action                   |  1- 3 |  4- 6 |  7- 9 | 10-12 || total
-------------------------+-------+-------+-------+-------++-------
Melee: Unarmed           |   107 |   171 |   205 |    82 ||   565
       Punch             |       |     5 |    13 |     3 ||    21
Throw: Javelin           |       |     7 |    11 |     1 ||    19
Evoke: Wand              |       |     2 |     1 |       ||     3
 Stab: Sleeping          |     1 |       |     1 |       ||     2
  Eat: Chunk             |    14 |    14 |    24 |     7 ||    59
Armor: Robe              |    66 |    53 |    43 |    33 ||   195
Dodge: Dodged            |    55 |    72 |    58 |    36 ||   221
